 Dungeon Crawl Stone Soup version 0.31-a0-889-g1a8549509d (webtiles) character file.

Game seed: 15425512584841299187

540 lunkers the Grappler (level 7, -1/52 HPs)
             Began as a Meteoran Shapeshifter on Oct 16, 2023.
             Was a Believer of Okawaru.
             Slain by an ufetubus (2 damage)
             ... on level 5 of the Dungeon.
             The game lasted 00:05:00 (1803 turns).

lunkers the Grappler (Meteoran Shapeshifter)        Turns: 1803, Time: 00:05:01

Health: -1/52      AC:  5    Str: 16    XL:     7   Next: 81%
Magic:  8/8        EV: 11    Int: 12    God:    Okawaru [**....]
Gold:   106        SH:  0    Dex: 15    Spells: 6/6 levels left

rFire   . .          .
                       - Unarmed
rCold   . . .        (no shield)
rNeg    . . .        q - +0 ring mail
rPois   .            (helmet currently unavailable)
rElec   .            (cloak currently unavailable)
rCorr   .            (gloves currently unavailable)
SInv    .            (boots currently unavailable)
Will    .....        (no amulet)
Stlth   +            (no ring)
HPRegen 0.28/turn    (no ring)
MPRegen 0.11/turn

%: no passive effects
@: beast-form, glowing
A: beast (slay +3), sense surroundings 1, otherworldly, glowing, explore regen
a: Begin Untransformation, Renounce Religion, Heroism


You were on level 5 of the Dungeon.
You worshipped Okawaru.
Okawaru was pleased with you.
You were a hulking beast.
You visited 1 branch of the dungeon, and saw 5 of its levels.

You collected 106 gold pieces.

Inventory:

Armour
 a - a +0 animal skin
 k - a +0 pair of gloves
 n - a +0 leather armour
 q - a +0 ring mail (worn)
 t - the +1 hat of Xogo {-Tele Harm rC+++ Stlth+}
   (You found it on level 3 of the Dungeon)

   rC+++:     It renders you almost immune to cold.
   -Tele:     It prevents most forms of teleportation.
   Harm:      It increases damage dealt and taken.
   Stlth+:    It makes you more stealthy.
Jewellery
 x - an amulet of faith
Talismans
 c - a beast talisman (active)
 d - a flux talisman
Wands
 w - a wand of quicksilver (15)
Scrolls
 e - 5 scrolls of identify {unknown}
 g - a scroll of vulnerability {unknown}
 h - a scroll of enchant weapon {unknown}
 i - a scroll of blinking {unknown}
 j - a scroll of teleportation {unknown}
 l - a scroll of revelation {unknown}
 o - a scroll of enchant armour {unknown}
 s - 2 scrolls of fog {unknown}
 u - 2 scrolls of immolation {unknown}
Potions
 b - 2 potions of degeneration {unknown}
 f - 2 potions of curing {unknown}
 m - 2 potions of mutation {unknown}
 p - 2 potions of enlightenment {unknown}
 r - a potion of attraction {unknown}
 v - a potion of heal wounds {unknown}


   Skills:
 - Level 1.1 Fighting
 - Level 2.1 Dodging
 * Level 8.1 Unarmed Combat
 + Level 0.1 Invocations
 + Level 6.0 Shapeshifting


You had 6 spell levels left.
You didn't know any spells.
Your spell library contained the following spells:

 Spells                   Type           Power      Damage    Failure   Level
 Apportation              Tloc           0%         N/A       54%         1
 Necrotise                Necr           0%         1d4       54%         1
 Passage of Golubria      Tloc           0%         N/A       99%         4
 Yara's Violent Unravell  Hex/Tmut       0%         3d3       100%        5
 Summon Small Mammal      Summ           Unusable   N/A       N/A         1
 Tukima's Dance           Hex            Unusable   N/A       N/A         3

Dungeon Overview and Level Annotations

Branches:
Dungeon (5/15) Zot: 1215
 Temple: D:4-7

Altars:
Elyvilon
Okawaru

Shops:
D:1 (

Annotations:
D:1 1 transporter
D:5 Duvessa


Innate Abilities, Weirdness & Mutations

You are a hulking beast.
Your limbs bulge with bestial killing power. (Slay +3)
You passively map a small area around you.
You are easily found by Zot.
You glow in the dark.
You regain HP and MP as you explore.


Message History

* * * LOW HITPOINT WARNING * * *
Duvessa hits you with a +1 short sword of protection!
* * * LOW HITPOINT WARNING * * *
You hit Duvessa.
Duvessa is moderately wounded.
The ufetubus closely misses you. The ufetubus hits you.
* * * LOW HITPOINT WARNING * * *
Dowan generates a fountain of clear water, and laughs cruelly.
Dowan closely misses you.
Duvessa hits you with a +1 short sword of protection.
* * * LOW HITPOINT WARNING * * *
The ufetubus hits you but does no damage.
The ufetubus hits you.
* * * LOW HITPOINT WARNING * * *
You see here a quokka corpse.
You miss the ufetubus. The ufetubus barely misses you.
The ufetubus closely misses you. Dowan hits you but does no damage.
Unknown command.
You barely miss the ufetubus. The ufetubus slips past you!
The ufetubus hits you.
* * * LOW HITPOINT WARNING * * *
The ufetubus barely misses you. The ufetubus hits you.
* * * LOW HITPOINT WARNING * * *
The ufetubus barely misses you.
Aiming: Quicksilver Bolt
Press: ? - help, Shift-Dir - straight line, p - Duvessa The bolt of dispelling energy hits Duvessa!
Duvessa is heavily wounded.
The bolt of dispelling energy hits Dowan!
You kill Dowan!
Okawaru accepts your kill.
Duvessa weeps, and shakes her weapon.
Duvessa goes berserk!
You hear a splash. x2
Duvessa hits you with a +1 short sword of protection.
* * * LOW HITPOINT WARNING * * *
The ufetubus hits you.
* * * LOW HITPOINT WARNING * * *
The ufetubus hits you.
You die...

*$......## #..)....##
#........## *
*#..>.....## #
#.........# * #
#........## ## #
#........##... #
#########.............
###............5h.......
,
.............###e..###.#
* .........#####~)...~~#
....###### *#~..♣..~#
##### #..........# #
#...♣._.♣...#
#..........## *
#.#~..♣.. ##
#####.#~~...~


You could see Duvessa (berserk) and an ufetubus.

Vanquished Creatures
  Grinder (D:4)
  A phantom (D:4)
  A scorpion (D:4)
  Dowan (D:5)
  2 orc priests (D:4)
  Ijyb (D:4)
  4 gnolls
  2 adders (D:4)
  An ufetubus (D:5)
  3 worms (D:2)
  3 dart slugs
  4 orcs
  2 endoplasms
  2 giant cockroaches
  A goblin (D:2)
  7 hobgoblins
  3 jackals (D:2)
  A quokka (D:5)
  6 ball pythons
  2 bats
  A frilled lizard (D:1)
  4 kobolds
  7 rats
60 creatures vanquished.

Notes
Turn   | Place    | Note
-------+----------+-------------------------------------------
     0 | D:1      | lunkers the Meteoran Shapeshifter began the quest for the
                  | Orb.
     0 | D:1      | Reached XP level 1. HP: 16/16 MP: 2/2
    94 | D:1      | Reached XP level 2. HP: 22/23 MP: 3/3
   122 | D:1      | Found a faded altar of an unknown god.
   126 | D:1      | Reached skill level 4 in Unarmed Combat
   181 | D:1      | Reached XP level 3. HP: 14/28 MP: 4/4
   276 | D:1      | Found a transporter.
   276 | D:1      | Found Poydd's Weapon Shoppe.
   816 | D:2      | Reached XP level 4. HP: 25/35 MP: 5/5
   952 | D:2      | Reached skill level 5 in Unarmed Combat
  1108 | D:2      | Glimpsed the power of Zot.
  1245 | D:3      | Identified the +1 hat of Xogo {-Tele Harm rC+++ Stlth+}
  1310 | D:3      | Found an iron altar of Okawaru.
  1318 | D:3      | Became a worshipper of Warmaster Okawaru
  1429 | D:4      | Reached XP level 5. HP: 8/40 MP: 6/6
  1471 | D:4      | Noticed Grinder
  1485 | D:4      | Paralysed by Grinder for 4 turns
  1494 | D:4      | Killed Grinder
  1494 | D:4      | Reached * piety under Okawaru
  1495 | D:4      | Reached skill level 7 in Unarmed Combat
  1495 | D:4      | Reached skill level 5 in Shapeshifting
  1495 | D:4      | Reached XP level 6. HP: 47/47 MP: 7/7
  1616 | D:4      | Reached XP level 7. HP: 48/52 MP: 8/8
  1679 | D:4      | Noticed Ijyb
  1688 | D:4      | Reached skill level 8 in Unarmed Combat
  1691 | D:4      | Killed Ijyb
  1744 | D:5      | Entered Level 5 of the Dungeon
  1787 | D:5      | Found a white marble altar of Elyvilon.
  1788 | D:5      | Noticed Duvessa
  1788 | D:5      | Noticed Dowan
  1803 | D:5      | Killed Dowan
  1803 | D:5      | Reached ** piety under Okawaru
  1803 | D:5      | HP: 1/52 [ufetubus (2)]
  1803 | D:5      | Slain by an ufetubus

Illustrated notes

Levels and vault maps discovered:
D:1:      dpeg_arrival_prison, layout_basic, serial_shops,
          nicolae_shop_drivethru, ebering_ecumenical_altar_mist,
          nrook_loot_triangle, chequers_serial_rivers_room_a
D:2:      layout_loops_corners
D:3:      layout_rooms, kennysheep_okawaru_gauntlet, grunt_gozag_statues,
          tgw_xom
D:4:      layout_basic, hangedman_decor_clover_reticule, uniq_ijyb, uniq_grinder
D:5:      layout_cave_pods, elyvilon_altar_4, uniq_crazy_yiuf_cottage,
          uniq_duvessa

Skill      XL: |  1  2  3  4  5  6  7 |
---------------+----------------------+-----
Unarmed Combat | 4 5 7 8 |  8.1
Shapeshifting  | 4 5 6 |  6.0
Fighting       | |  1.1
Dodging        | |  2.1
Invocations    | |  0.1

Action                     |  1- 3 |  4- 6 |  7- 9 || total
---------------------------+-------+-------+-------++-------
  Melee: Unarmed           |    79 |    66 |    34 ||   179
         Punch             |     4 |     2 |     3 ||     9
  Evoke: Wand              |       |       |     4 ||     4
    Use: Potion            |       |     1 |       ||     1
 Armour: Animal skin       |    40 |     2 |       ||    42
         Ring mail         |       |    26 |    32 ||    58
         Leather armour    |       |     3 |       ||     3
         Skin              |       |    10 |       ||    10
  Dodge: Dodged            |    55 |    34 |    30 ||   119

Table legend: (Time is in decaauts)
 A = Elapsed time spent in this place.
 B = Non-inter-level travel time spent in this place.
 C = Inter-level travel time spent in this place.
 D = Time resting spent in this place.
 E = Time spent auto-exploring this place.
 F = Levels seen in this place.
 G = Mean time per level.
                   A        B        C        D        E       F      G
               +--------+--------+--------+--------+--------+-----+--------+
         Total |   1783 |   1762 |     21 |     17 |   1042 |   5 |  356.6 |
       Dungeon |   1783 |   1762 |     21 |     17 |   1042 |   5 |  356.6 |
               +--------+--------+--------+--------+--------+-----+--------+

Top non-repeatable levels by time:
     D:2: 680 daAuts
     D:1: 436 daAuts
     D:4: 319 daAuts
     D:3: 289 daAuts
     D:5: 56 daAuts
